 Dungeon Crawl Stone Soup version 0.32-a0-960-g3814254bd7 (webtiles) character file.

Game seed: 3439579402324471895

19 wilfster70 the Digger (level 2, -2/15 HPs)
             Began as a Gargoyle Earth Elementalist on Apr 17, 2024.
             Slain by Terence
             ... wielding a +2 flail of draining
              (8 damage)
             ... on level 2 of the Dungeon.
             The game lasted 00:02:25 (631 turns).

wilfster70 the Digger (Gargoyle Earth Elementalist)  Turns: 631, Time: 00:02:26

Health: -2/15      AC:  5    Str: 11    XL:     2   Next: 75%
Magic:  0/5        EV: 11    Int: 15    God:
Gold:   54         SH:  0    Dex: 10    Spells: 4/5 levels left

rFire   . . .        a - +0 spear
rCold   . . .        (no shield)
rNeg    + . .        f - +0 robe
rPois   ∞            h - +0 helmet
rElec   +            (no cloak)
rCorr   .            (no gloves)
SInv    .            (no boots)
Will    .....        (no amulet)
Stlth   ++           (no ring)
HPRegen 0.22/turn    (no ring)
MPRegen 0.09/turn

%: no passive effects
@: no status effects
A: sickness immunity, AC +2, negative energy resistance 1, electricity
resistance, torment resistance 1, petrification resistance
a: no special abilities


You were on level 2 of the Dungeon.
You visited 1 branch of the dungeon, and saw 2 of its levels.

You collected 54 gold pieces.

Inventory:

Hand Weapons
 a - a +0 spear (weapon)
Armour
 f - a +0 robe (worn)
 h - a +0 helmet (worn)
Scrolls
 c - a scroll of identify {unknown}
 d - a scroll of immolation {unknown}
 e - a scroll of teleportation
 j - a scroll of fear {unknown}
Potions
 b - a potion of magic
 g - a potion of degeneration {unknown}
 i - a potion of mutation {unknown}


   Skills:
 - Level 1.5 Dodging
 - Level 2.1 Stealth
 + Level 2.3 Spellcasting
 - Level 1.1 Conjurations
 * Level 4.4 Earth Magic


You had 4 spell levels left.
You knew the following spells:

 Your Spells              Type           Power      Damage    Failure   Level
a - Sandblast             Erth           30%        2d9       3%          1

Your spell library contained the following spells:

 Spells                   Type           Power      Damage    Failure   Level
 Passwall                 Erth           15%        N/A       11%         3
 Stone Arrow              Conj/Erth      20%        3d8       21%         3
 Brom's Barrelling Bould  Conj/Erth      10%        2d3       56%         4
 Petrify                  Alch/Erth      8%         N/A       65%         4
 Dispersal                Tloc           0%         N/A       100%        6
 Gell's Gavotte           Tloc           0%         2d(11-16) 100%        6
 Manifold Assault         Tloc           0%         N/A       100%        7
 Disjunction              Tloc           0%         N/A       100%        8


Dungeon Overview and Level Annotations

Branches:
Dungeon (2/15)

Altars:

Annotations:
D:2 Terence


Innate Abilities, Weirdness & Mutations

You are immune to sickness and miasma.
Your stone body is resilient. (AC +2)
You are immune to poison.
You resist negative energy. (rN+)
You are resistant to electric shocks. (rElec)
You are resistant to unholy torment.
You are immune to petrification.


Message History

The blast of sand hits the hobgoblin!
You kill the hobgoblin!
Terence the Incautious comes into view.
He is wielding a +2 flail of draining and wearing a +1 chain mail of fire resistance.
Unknown command.
Casting: Sandblast (safe; 3% risk of failure)
Confirm with . or Enter, or press ? or * to list all spells.
Aiming: Sandblast (safe; 3% risk of failure)
Press: ? - help, Shift-Dir - straight line, f - Terence
Aim: Terence, wielding a +2 flail of draining and wearing a +1 chain mail of fire resistance (87% to hit)
The blast of sand hits Terence but does no damage.
Casting: Sandblast (safe; 3% risk of failure)
Confirm with . or Enter, or press ? or * to list all spells.
Aiming: Sandblast (safe; 3% risk of failure)
Press: ? - help, Shift-Dir - straight line, f/p - Terence
Aim: Terence, wielding a +2 flail of draining and wearing a +1 chain mail of fire resistance (87% to hit)
The blast of sand hits Terence but does no damage.
Terence screams, "I want your blood!" Terence hits you but does no damage.
Casting: Sandblast (safe; 3% risk of failure)
Confirm with . or Enter, or press ? or * to list all spells.
Aiming: Sandblast (safe; 3% risk of failure)
Press: ? - help, Shift-Dir - straight line, f/p - Terence
Aim: Terence, wielding a +2 flail of draining and wearing a +1 chain mail of fire resistance (87% to hit)
The blast of sand misses Terence.
Terence hits you with a +2 flail of draining!
Ouch! That really hurt!
Terence hits you with a +2 flail of draining.
Casting: Sandblast (safe; 3% risk of failure)
Confirm with . or Enter, or press ? or * to list all spells.
Aiming: Sandblast (safe; 3% risk of failure)
Press: ? - help, Shift-Dir - straight line, f/p - Terence
Aim: Terence, wielding a +2 flail of draining and wearing a +1 chain mail of fire resistance (87% to hit)
The blast of sand hits Terence but does no damage.
Terence barely misses you.
Terence says, "Don't bother to defend, it's useless."
Terence attacks as he pursues you!
Terence hits you with a +2 flail of draining!
Ouch! That really hurt!
You die...
Terence says, "That felt goooood."

#.# g. #.# .#
#.# .# #.# .#
...
#####.##.##..##
#........†..$..
#.###..........
#.# ####..#####
#@# #.....
#@######..###
#.....#...##
#####..#...##
#........#
#...#.#..#
#..#...#.#
#..##.##.#
#..##.# #


You could see Terence.

Vanquished Creatures
  A dart slug (D:1)
  An endoplasm (D:1)
  6 hobgoblins
  A quokka (D:1)
  2 frilled lizards (D:1)
  3 kobolds (D:1)
  3 rats
17 creatures vanquished.

Notes
Turn   | Place    | Note
-------+----------+-------------------------------------------
     0 | D:1      | wilfster70 the Gargoyle Earth Elementalist began the quest
                  | for the Orb.
     0 | D:1      | Reached XP level 1. HP: 10/10 MP: 3/3
   113 | D:1      | Reached skill level 4 in Earth Magic
   138 | D:1      | Reached XP level 2. HP: 15/15 MP: 3/5
   600 | D:2      | Noticed Terence
   631 | D:2      | Slain by Terence

Illustrated notes

Levels and vault maps discovered:
D:1:      dpeg_arrival_ternary, layout_basic, chequers_jeans
D:2:      layout_loops_ring, serial_shops, nicolae_shop_back_alley_shop,
          nicolae_shop_mannequins, shop, shop, basic_altar,
          minmay_misc_feat_iff, uniq_terence

Skill      XL: |  1 |
---------------+----+-----
Earth Magic    | 4 |  4.4
Dodging        | |  1.5
Stealth        | |  2.1
Spellcasting   | |  2.3
Conjurations   | |  1.1

Action                     || total
---------------------------++-------
  Melee: Spear             ||    10
   Cast: Sandblast         ||    27
    Use: Scroll            ||     1
 Armour: Robe              ||    10
  Dodge: Dodged            ||     8

Table legend: (Time is in decaauts)
 A = Elapsed time spent in this place.
 B = Non-inter-level travel time spent in this place.
 C = Inter-level travel time spent in this place.
 D = Time resting spent in this place.
 E = Time spent auto-exploring this place.
 F = Levels seen in this place.
 G = Mean time per level.
                   A        B        C        D        E       F      G
               +--------+--------+--------+--------+--------+-----+--------+
         Total |    644 |    626 |     18 |     44 |    243 |   2 |  322.0 |
       Dungeon |    644 |    626 |     18 |     44 |    243 |   2 |  322.0 |
               +--------+--------+--------+--------+--------+-----+--------+

Top non-repeatable levels by time:
     D:1: 578 daAuts
     D:2: 66 daAuts
